 Dungeon Crawl Stone Soup version 0.23.2-40-g277498a001 (webtiles) character file.

Game seed: 13215488827231336292

1225 FishyPogo the Firebug (level 8, -7/67 HPs)
             Began as a Naga Fire Elementalist on Aug 23, 2019.
             Was a Follower of Makhleb.
             Mangled by an orc warrior
             ... wielding a +0 glaive
              (19 damage)
             ... on level 6 of the Dungeon.
             The game lasted 00:20:04 (4946 turns).

FishyPogo the Firebug (Naga Fire Elementalist)      Turns: 4946, Time: 00:20:04

Health: -7/67      AC:  4    Str: 11    XL:     8   Next: 47%
Magic:  10/14      EV: 11    Int: 17    God:    Makhleb [*.....]
Gold:   300        SH:  0    Dex: 12    Spells: 2/15 levels left

rFire    . . .     SeeInvis +   (no weapon)
rCold    . . .     Gourm    .   (no shield)
rNeg     . . .     Faith    .   u - +0 robe (curse)
rPois    +         Spirit   .   (no helmet)
rElec    .         Reflect  .   r - +0 cloak
rCorr    .         Harm     .   (no gloves)
MR       +....                  (no barding)
Stlth    +++.......             d - amulet of the acrobat
HPRegen  0.21/turn              (no ring)
MPRegen  0.14/turn              (no ring)

@: very slightly contaminated, very slow
A: large, see invisible, deformed body, poison resistance, slowness 2, slow
metabolism 1, spit poison 1, AC +2
a: Spit Poison, Renounce Religion


You were on level 6 of the Dungeon.
You worshipped Makhleb.
Makhleb was aware of your devotion.
You were not hungry.

You visited 2 branches of the dungeon, and saw 7 of its levels.

You collected 300 gold pieces.

Inventory:

Missiles
 b - 158 stones (quivered)
 n - 11 tomahawks
Armour
 r - a +0 cloak (worn)
 u - a cursed +0 robe (worn)
Jewellery
 d - an amulet of the acrobat (around neck)
Wands
 t - a wand of digging (6)
Scrolls
 f - a scroll of immolation {unknown}
 g - 2 scrolls of teleportation {unknown}
 h - 6 scrolls of identify {unknown}
 i - 4 scrolls of enchant weapon {unknown}
 j - a scroll of amnesia {unknown}
 m - a scroll of blinking {unknown}
 q - 2 scrolls of remove curse {unknown}
 v - a scroll of acquirement {unknown}
Potions
 e - a potion of lignification {unknown}
 k - 3 potions of curing
 l - 2 potions of degeneration {unknown}
 o - a potion of ambrosia {unknown}
 p - 3 potions of agility {unknown}
 s - a potion of haste {unknown}
Comestibles
 a - 3 chunks of flesh
 c - 12 rations


   Skills:
 - Level 2.0 Fighting
 + Level 3.7 Dodging
 - Level 5.0 Stealth
 + Level 4.2 Spellcasting
 - Level 4.0 Conjurations
 * Level 6.6 Fire Magic


You had 2 spell levels left.
You knew the following spells:

 Your Spells              Type           Power        Failure   Level  Hunger
a - Flame Tongue          Conj/Fire      ###..        1%          1    None
c - Sticky Flame          Conj/Fire      ###.....     17%         4    ####...
d - Conjure Flame         Conj/Fire      ###.....     5%          3    ###....
e - Fireball              Conj/Fire      ###.......   43%         5    ######.

Your spell library contained the following spells:

 Spells                   Type           Power        Failure   Level  Hunger
 Throw Flame              Conj/Fire      ###...       2%          2    ##.....
 Inner Flame              Hex/Fire       ##......     12%         3    ###....


Dungeon Overview and Level Annotations

Branches:
Dungeon (6/15)             Temple (1/1) D:4

Altars:
Ashenzari
Cheibriados
Dithmenos
Elyvilon
Fedhas
Gozag
Hepliaklqana
Makhleb
Nemelex Xobeh
Okawaru
Qazlal
Ru
Sif Muna
Trog
Uskayaw
Vehumet
Wu Jian
Xom
Yredelemnul
Zin
The Shining One

Annotations:
D:5 2 transporters


Innate Abilities, Weirdness & Mutations

You cannot wear boots.
Your serpentine skin is tough. (AC +2)
You have supernaturally acute eyesight. (SInv)
Armour fits poorly on your strangely shaped body.
Your system is resistant to poisons. (rPois)
You cover ground very slowly.
You have a slow metabolism.
You can spit poison.


Message History

Aim: an orc warrior, wielding a +0 glaive and wearing a +0 plate armour (lightly wounded)
The flame tongue hits the orc warrior.
The orc warrior is lightly wounded.
The orc barely misses you.
The orc warrior hits you with a +0 glaive!
* * * LOW HITPOINT WARNING * * *
What are your orders? t - Shout!
Orders for allies: a - Attack new target. p - Attack previous target. r - Retreat! s - Stop attacking. g - Guard the area. f - Follow me.
Anything else - Cancel.
Okay, then.
Unknown command.
Unknown command.
It was a potion of curing.
You feel better.
The orc hits you from afar with a +0 trident.
* * * LOW HITPOINT WARNING * * *
The orc warrior hits you with a +0 glaive!!
You die... # ##. .oo

#####.##..#
#.o.o.o...#
#o#.#.###.
#@#.......#
####.#.#!.....
#
#....#.#######
# #....#.# +
#####....#.# #
#........#.# +
##.##...##.#
#### #.##...#
...# #.##...#


You could see an orc warrior and an orc.

Vanquished Creatures
  An ice beast (D:6)
  2 black bears
  An ogre (D:4)
  A bullfrog (D:4)
  A scorpion (D:6)
  3 howler monkeys
  A hound (D:3)
  A jelly (D:5)
  A bullfrog zombie (D:6)
  A gnoll shaman (D:4)
  2 orc priests (D:3)
  2 bullfrog skeletons (D:5)
  An orc wizard (D:3)
  5 worker ants
  9 adders
  4 gnolls (D:4)
  A shadow imp (D:5)
  An adder zombie (D:6)
  2 adder skeletons
  2 worms (D:2)
  2 dart slugs
  3 leopard geckos
  8 orcs
  A ball python (D:1)
  3 giant cockroaches
  8 hobgoblins
  23 jackals
  5 quokkas
  4 bats
  8 frilled lizards
  5 goblins
  A jackal skeleton (D:2)
  A jackal zombie (D:6)
  5 kobolds
  A leopard gecko skeleton (D:5)
  A quokka skeleton (D:4)
  7 rats
128 creatures vanquished.

Notes
Turn   | Place    | Note
-------+----------+-------------------------------------------
     0 | D:1      | FishyPogo the Naga Fire Elementalist began the quest for
                  | the Orb.
     0 | D:1      | Reached XP level 1. HP: 15/15 MP: 3/3
   220 | D:1      | Reached XP level 2. HP: 21/22 MP: 5/5
   767 | D:1      | Reached XP level 3. HP: 30/30 MP: 4/6
  1081 | D:2      | Reached skill level 1 in Fighting
  1081 | D:2      | Reached XP level 4. HP: 27/38 MP: 0/7
  1364 | D:2      | Reached XP level 5. HP: 42/44 MP: 5/8
  1691 | D:3      | Reached skill level 4 in Fire Magic
  1961 | D:3      | Reached XP level 6. HP: 16/51 MP: 0/10
  2072 | D:3      | Learned a level 3 spell: Conjure Flame
  2077 | D:3      | Learned a level 4 spell: Sticky Flame
  2909 | D:4      | Found a staircase to the Ecumenical Temple.
  2928 | Temple   | Entered the Ecumenical Temple
  2993 | Temple   | Became a worshipper of Makhleb the Destroyer
  3306 | D:4      | Reached XP level 7. HP: 43/60 MP: 7/11
  3489 | D:4      | Reached skill level 5 in Stealth
  3505 | D:4      | Reached skill level 5 in Fire Magic
  3794 | D:5      | Entered Level 5 of the Dungeon
  3923 | D:5      | Reached XP level 8. HP: 43/67 MP: 5/13
  3983 | D:5      | Found a transporter.
  4138 | D:5      | Found a transporter.
  4270 | D:5      | Found a snail-covered altar of Cheibriados.
  4289 | D:5      | Reached * piety under Makhleb
  4697 | D:6      | Reached skill level 6 in Fire Magic
  4707 | D:6      | Learned a level 5 spell: Fireball
  4946 | D:6      | Mangled by an orc warrior

Skill      XL: |  1  2  3  4  5  6  7  8 |
---------------+-------------------------+-----
Fighting       | 1 2 |  2.0
Conjurations   | 2 3 4 |  4.0
Dodging        | 2 3 |  3.7
Fire Magic     | 4 5 6 |  6.6
Stealth        | 4 5 |  5.0
Spellcasting   | 3 4 |  4.2

Action                   |  1- 3 |  4- 6 |  7- 9 || total
-------------------------+-------+-------+-------++-------
Melee: Unarmed           |     2 |    40 |    19 ||    61
Throw: Stone             |     1 |       |     1 ||     2
 Cast: Flame Tongue      |    32 |    81 |    79 ||   192
 Abil: Spit Poison       |    20 |    57 |    47 ||   124
  Use: Potion            |       |       |     1 ||     1
 Stab: Sleeping          |       |     1 |       ||     1
  Eat: Chunk             |     1 |    10 |     8 ||    19
Armor: Robe              |     2 |    26 |    21 ||    49
Dodge: Dodged            |    27 |   115 |    67 ||   209
